 Seeded DCSS version 0.31-a0-214-gb37851dbb3 (webtiles) character file.

Game seed: 17612545735370830489 (custom seed)

406 innerfire43 the Ducker (level 6, -5/47 HPs)
             Began as a Demonspawn Monk on July 1, 2023.
             Was an Initiate of Ashenzari.
             Slain by an iguana (12 damage)
             ... on level 4 of the Dungeon.
             The game lasted 00:06:25 (2504 turns).

innerfire43 the Ducker (Demonspawn Monk)            Turns: 2504, Time: 00:06:25

Health: -5/47      AC:  5    Str: 12 (13) XL:     6   Next: 56%
Magic:  6/6        EV:  8    Int: 12 (14) God:    Ashenzari [......]
Gold:   46         SH: 27    Dex: 14 (15) Spells: 5/5 levels left

rFire   . . .        m - +2 double sword (elec)
rCold   . . .        h - +10 tower shield of Ignorance {rN+ Int-4, Bglg, Evo} (curse)
rNeg    + . .        b - +0 robe
rPois   .            (no helmet)
rElec   +            o - +2 cloak
rCorr   .            (no gloves)
SInv    +            (no boots)
Will    .....        (no amulet)
Stlth   +            f - +6 ring of intelligence
HPRegen 0.27/turn    g - ring of see invisible
MPRegen 0.10/turn

%: no passive effects
@: no status effects
A: powered by death 1, powered by pain 1, weakness stinger 1, large bone plates
1, electricity resistance
a: Renounce Religion, Shatter the Chains


You were on level 4 of the Dungeon.
You worshipped Ashenzari.
Ashenzari was noncommittal.
You visited 1 branch of the dungeon, and saw 4 of its levels.

You collected 1054 gold pieces.
You spent 1008 gold pieces at shops.

Inventory:

Hand Weapons
 a - a +0 short sword
 j - a +2 dagger of protection
 m - a +2 double sword of electrocution (weapon)
 p - the +3 great mace "Emeucs" {heavy, Drain rElec rPois rN++}
   (You took it off an ogre on level 3 of the Dungeon)

   rElec:     It insulates you from electricity.
   rPois:     It protects you from poison.
   rN:        It greatly protects you from negative energy.
   Drain:     It drains your maximum health when unequipped.
Armour
 b - a +0 robe (worn)
 d - an orb of light
 h - the cursed +10 tower shield of Ignorance (worn) {rN+ Int-4, Bglg, Evo}
   (You bought it in a shop on level 1 of the Dungeon)

   Int:       It affects your intelligence (-4).
   rN:        It protects you from negative energy.
   It has a curse which improves the following skills: Beguiling: Conjurations,
   Hexes and Translocations.
   Evocations: Evocations.
 o - a +2 cloak (worn)
Jewellery
 f - a +6 ring of intelligence (left hand)
 g - a ring of see invisible (right hand)
 r - a ring of resist corrosion
Scrolls
 i - a scroll of fear
 n - 2 scrolls of vulnerability {unknown}
Potions
 c - a potion of ambrosia
 e - 2 potions of brilliance
 k - a potion of mutation
 l - a potion of berserk rage {unknown}


   Skills:
 - Level 3.0 Fighting
 - Level 3.4(4.0) Short Blades
 * Level 2.9(3.7) Long Blades
 + Level 3.9 Dodging
 * Level 3.6 Shields


You had 5 spell levels left.
You didn't know any spells.
Your spell library contained the following spells:

 Spells                   Type           Power      Damage    Failure   Level
 Slow                     Hex            0%         N/A       100%        1
 Confusing Touch          Hex            0%         N/A       100%        3
 Dazzling Flash           Conj/Hex       0%         N/A       100%        3
 Vampiric Draining        Necr           0%         2d6       100%        3
 Volatile Blastmotes      Fire/Tloc      0%         2d10      100%        3
 Fulminant Prism          Conj/Hex       0%         3d5       100%        4
 Iskenderun's Mystic Bla  Conj/Tloc      0%         2d3       100%        4
 Agony                    Necr           0%         N/A       100%        5
 Lee's Rapid Deconstruct  Erth           0%         3d4*      100%        5
 Silence                  Hex/Air        0%         N/A       100%        5


Dungeon Overview and Level Annotations

Branches:
Dungeon (4/15)
 Temple: D:4-7

Altars:
Ashenzari

Shops:
D:1 ([??


Innate Abilities, Weirdness & Mutations

You regenerate a little health from kills.
You sometimes gain a little power by taking damage.
You have a small tail.
You are partially covered in large bone plates. (SH +4)
You are resistant to electric shocks. (rElec)


Message History

You block the hound's attack. You block the hobgoblin's attack.
The hound bites you. You block the iguana's attack.
The hobgoblin hits you but does no damage.
You barely miss the iguana. You block the hound's attack. x2
You block the iguana's attack. You block the hobgoblin's attack.
The hound bites you. The iguana barely misses you.
The hobgoblin closely misses you.
You barely miss the iguana. You block the hound's attack. x2
The iguana barely misses you. You block the hobgoblin's attack.
The hound stops to sniff the ground.
You block the hound's attack. The iguana bites you.
The hobgoblin closely misses you.
You barely miss the iguana. You tail-slap the iguana.
The iguana is lightly wounded.
You block the hound's attack. You block the iguana's attack.
You block the hobgoblin's attack. The hound closely misses you.
You hit the iguana. You tail-slap the iguana.
The iguana is heavily wounded.
You block the hound's attack. You block the iguana's attack.
You block the hobgoblin's attack. The hound barely misses you.
The iguana bites you! The hobgoblin completely misses you.
The hound barely misses you.
Unknown command.
You barely miss the iguana.
The iguana is heavily wounded.
You block the hound's attack. The iguana bites you!
You block the hobgoblin's attack. The hound bites you but does no damage.
You block the hobgoblin's attack. The iguana bites you!
* * * LOW HITPOINT WARNING * * *
Unknown command.
You are too injured to fight recklessly!
Unknown command.
You are too injured to fight recklessly!
Unknown command.
You barely miss the hobgoblin. You block the hound's attack. x2
The iguana bites you!
* * * LOW HITPOINT WARNING * * *
The hobgoblin hits you but does no damage.
You block the hound's attack. The iguana bites you!
You die...

...# ######...#
........#
.......##
#..⌠....#
#.......#
#.gl.# #.@#.#
#<.h.#
#..........>..
#......##.###.#
#......# ...
#......# ####
#......#
#......#
#.......


You could see an iguana, a hound and a hobgoblin.

Vanquished Creatures
  2 ogres (D:3)
  The ghost of GoodGuyCap the Trooper, a weakling HuMo of Uskayaw (D:3)
  Crazy Yiuf (D:2)
  Robin (D:2)
  4 gnolls (D:3)
  4 adders (D:3)
  A worm (D:3)
  2 dart slugs (D:2)
  4 bats
  2 endoplasms (D:2)
  3 giant cockroaches (D:2)
  15 goblins
  5 hobgoblins
  3 jackals (D:3)
  2 quokkas (D:3)
  2 ball pythons (D:2)
  2 frilled lizards
  13 kobolds
  7 rats
74 creatures vanquished.

Notes
Turn   | Place    | Note
-------+----------+-------------------------------------------
     0 | D:1      | innerfire43 the Demonspawn Monk began the quest for the
                  | Orb.
     0 | D:1      | Reached XP level 1. HP: 18/18 MP: 1/1
    23 | D:1      | Found Wezuit Hoju's Antique Weapon Shoppe.
    88 | D:1      | Found Apnaij's Armour Emporium.
   122 | D:1      | Found Raxki's Magic Scroll Shop.
   191 | D:1      | Gained mutation: You sometimes gain a little power by
                  | taking damage. [demonic ancestry]
   191 | D:1      | Reached XP level 2. HP: 24/24 MP: 2/2
   266 | D:1      | Found Irownig's Magic Scroll Shoppe.
   454 | D:1      | Identified a scroll of acquirement
   454 | D:1      | Acquired 807 gold pieces
   471 | D:1      | Bought the +10 tower shield of Ignorance {rN+ Int-4} for
                  | 630 gold pieces
   471 | D:1      | Found the +10 tower shield of Ignorance {rN+ Int-4}
   511 | D:2      | Reached skill level 1 in Shields
   592 | D:2      | Noticed Robin
   648 | D:2      | Killed Robin
   649 | D:2      | Reached skill level 1 in Long Blades
   649 | D:2      | Gained mutation: You have a small tail. [demonic ancestry]
   649 | D:2      | Reached XP level 3. HP: 21/29 MP: 3/3
   862 | D:2      | Found a runed translucent door.
   863 | D:2      | Noticed Crazy Yiuf
  1264 | D:2      | Killed Crazy Yiuf
  1265 | D:2      | Reached XP level 4. HP: 23/35 MP: 4/4
  1454 | D:3      | Found a faded altar of an unknown god.
  1490 | D:3      | Gained mutation: You regenerate a little health from kills.
                  | [demonic ancestry]
  1490 | D:3      | Reached XP level 5. HP: 18/41 MP: 5/5
  1759 | D:3      | Noticed an ogre
  1759 | D:3      | Identified the +3 great mace "Emeucs" {heavy, Drain rElec
                  | rPois rN++}
  1759 | D:3      | Noticed an ogre
  1760 | D:3      | Noticed GoodGuyCap's ghost (weakling HuMo)
  1761 | D:3      | Found a transporter.
  2123 | D:3      | Prayed at the altar of an unknown god.
  2123 | D:3      | Became a worshipper of Ashenzari the Shackled
  2124 | D:3      | Gained mutation: You are resistant to electric shocks.
                  | (rElec) [potion of mutation]
  2124 | D:3      | Gained mutation: You are partially covered in large bone
                  | plates. (SH +4) [potion of mutation]
  2316 | D:1      | Bought a glowing double sword for 378 gold pieces
  2406 | D:3      | Found a transporter.
  2417 | D:3      | Killed an ogre
  2418 | D:3      | Reached XP level 6. HP: 29/47 MP: 6/6
  2444 | D:3      | Killed GoodGuyCap's ghost
  2504 | D:4      | Slain by an iguana

Illustrated notes

Levels and vault maps discovered:
D:1:      grunt_arrival_crossed_arrows, layout_rooms, serial_shops,
          nicolae_shop_tiny_real_fake_doors, shop, nicolae_shop_tiny_waterfront,
          shop_coins
D:2:      layout_loops_cross, uniq_crazy_yiuf_cottage, uniq_robin
D:3:      layout_basic, gammafunk_ghost_smash, dreamdust_ecumenical_altar_grove
D:4:      layout_basic, grunt_gozag_statues, lemuel_doored_altar,
          hangedman_feature_mirror

Skill      XL: |  1  2  3  4  5 |
---------------+----------------+-----
Short Blades   | 3 |  3.4
Shields        | 1 2 3 |  3.6
Long Blades    | 1 2 |  2.9
Dodging        | 3 |  3.9
Fighting       | |  3.0

Action                     |  1- 3 |  4- 6 || total
---------------------------+-------+-------++-------
  Melee: Short sword       |   143 |       ||   143
         Dagger            |    19 |   106 ||   125
         Tailslap          |    15 |    19 ||    34
         Double sword      |       |    31 ||    31
 Invoke: Curse Item        |       |     1 ||     1
    Use: Scroll            |     2 |     6 ||     8
         Potion            |       |     4 ||     4
   Stab: Sleeping          |     4 |     3 ||     7
 Armour: Robe              |    14 |    22 ||    36
  Dodge: Dodged            |    45 |    44 ||    89
  Block: Tower shield      |   166 |   201 ||   367

Table legend: (Time is in decaauts)
 A = Elapsed time spent in this place.
 B = Non-inter-level travel time spent in this place.
 C = Inter-level travel time spent in this place.
 D = Time resting spent in this place.
 E = Time spent auto-exploring this place.
 F = Levels seen in this place.
 G = Mean time per level.
                   A        B        C        D        E       F      G
               +--------+--------+--------+--------+--------+-----+--------+
         Total |   2583 |   2151 |    432 |      0 |   1462 |   4 |  645.8 |
       Dungeon |   2583 |   2151 |    432 |      0 |   1462 |   4 |  645.8 |
               +--------+--------+--------+--------+--------+-----+--------+

Top non-repeatable levels by time:
     D:2: 1016 daAuts
     D:3: 993 daAuts
     D:1: 559 daAuts
     D:4: 14 daAuts
